 Dungeon Crawl Stone Soup version 0.20.0-8-g6b59dc7 (webtiles) character file.

48 Minion the Chopper (level 3, 0/30 HPs)
             Began as a Centaur Gladiator on May 29, 2017.
             Succumbed to a gnoll's poison
             ... on level 2 of the Dungeon.
             The game lasted 00:02:32 (1523 turns).

Minion the Chopper (Centaur Gladiator)              Turns: 1523, Time: 00:02:33

Health: 0/30       AC:  8    Str: 17    XL:     3   Next: 50%
Magic:  3/3        EV:  8    Int:  7    God:
Gold:   135        SH:  0    Dex: 10    Spells: 2/2 levels left

rFire    + . .     SeeInvis .   a - +0 war axe
rCold    + . .     Gourm    .   (no shield)
rNeg     . . .     Faith    .   j - +0 scale mail
rPois    +         Spirit   .   c - +0 helmet
rElec    +         Reflect  .   (no cloak)
rCorr    +         Harm     .   g - +0 pair of gloves (curse)
MR       .....                  (no barding)
Stlth    ..........             (no amulet)
Regen    0.1/turn               (no ring)
MPRegen  0.1/turn               (no ring)

@: lethally poisoned (0 -> -24), resistant, very slightly contaminated,
invisible, very quick
A: hooves 3, deformed body, speed 2, tough skin 3
a: no special abilities


You were on level 2 of the Dungeon.
You were not hungry.

You visited 1 branch of the dungeon, and saw 2 of its levels.

You collected 135 gold pieces.

Inventory:

Hand Weapons
 a - a +0 war axe (weapon)
Armour
 c - a +0 helmet (worn)
 g - a cursed +0 pair of gloves (worn)
 j - a +0 scale mail (worn)
Scrolls
 b - 5 scrolls of remove curse {unknown}
 e - 4 scrolls of teleportation {unknown}
 i - 2 scrolls of identify {unknown}
 l - a scroll of blinking {unknown}
 n - a scroll of amnesia {unknown}
 o - a scroll of immolation {unknown}
 r - a scroll of noise {unknown}
Comestibles
 d - 6 chunks of flesh
 f - 3 bread rations
 k - 2 meat rations
 m - 2 fruits
 p - a royal jelly


   Skills:
 + Level 2.6 Fighting
 + Level 3.7 Axes
 - Level 2.1 Throwing
 - Level 2.1 Dodging


You had 2 spell levels left.
You didn't know any spells.

Dungeon Overview and Level Annotations

Branches:
Dungeon (2/15)

Altars:
Gozag


Innate Abilities, Weirdness & Mutations

You have hooves in place of feet.
Armour fits poorly on your strangely shaped body.
You cover ground very quickly.
You have extremely tough skin. (AC +3)


Message History

You feel protected.
You feel very sick.
It was a potion of invisibility.
You fade into invisibility!
You feel very sick. The gnoll closely misses you.
You are very lightly contaminated with residual magic.
* * * LOW HITPOINT WARNING * * *
You feel sick.
* * * LOW HITPOINT WARNING * * *
You feel sick.
* * * LOW HITPOINT WARNING * * *
You feel sick.
* * * LOW HITPOINT WARNING * * *
You feel sick.
* * * LOW HITPOINT WARNING * * *
You feel sick.
* * * LOW HITPOINT WARNING * * *
You feel sick.
You die...

#######....########## ######
###.....'....'........# #.....
.....####....########.# #.....
#########....########.# #.....
###.....+....'......#.# #.....
....##.##....######.#.# #.....
.........##.#######.#.# #.....
....####.##.........#.######.....
##.......#......@...gg.g..(......
##(.######..#.........#######...#
##..# #..#.#######.# #...# .#..#
#..#.########## #...#
.#..######..#..........######....
............##########......##...
..#######...##########......##...
......# #.>......................
..###.# #........................


You could see 3 gnolls.

Vanquished Creatures
  An adder (D:2)
  An ooze (D:1)
  A worm (D:2)
  2 dart slugs
  3 leopard geckos (D:1)
  3 goblins (D:1)
  4 hobgoblins
  A bat (D:1)
  2 frilled lizards
  4 kobolds
  5 rats
27 creatures vanquished.

Notes
Turn   | Place    | Note
-------+----------+-------------------------------------------
     0 | D:1      | Minion the Centaur Gladiator began the quest for the Orb.
     0 | D:1      | Reached XP level 1. HP: 17/17 MP: 1/1
    26 | D:1      | Reached skill level 3 in Axes
    38 | D:1      | Reached XP level 2. HP: 8/24 MP: 2/2
  1106 | D:2      | Reached XP level 3. HP: 24/30 MP: 3/3
  1231 | D:2      | Found an opulent altar of Gozag.
  1522 | D:2      | HP: 1/30 [poisoned by a gnoll]
  1523 | D:2      | Succumbed to a gnoll's poison

Skill      XL: |  1 |
---------------+----+-----
Axes           | 3 |  3.7
Fighting       | |  2.6
Throwing       | |  2.1
Dodging        | |  2.1

Action                   || total
-------------------------++-------
Melee: War axe           ||    78
       Kick              ||    13
  Use: Potion            ||     2
  Eat: Chunk             ||     1
Armor: Leather armour    ||     6
       Scale mail        ||    33
Dodge: Dodged            ||    33
